 Dungeon Crawl Stone Soup version 0.20.1-1-g8b1a95d (webtiles) character file.

13894 Ladykiller69 the Fencer (level 11, -7/105 HPs)
             Began as a Minotaur Berserker on July 6, 2017.
             Was a High Priest of Trog.
             Mangled by a demonic crawler (9 damage)
             ... on level 1 of the Lair of Beasts on July 7, 2017.
             The game lasted 00:23:00 (10928 turns).

Ladykiller69 the Fencer (Minotaur Berserker)       Turns: 10928, Time: 00:23:01

Health: -7/105     AC: 12    Str: 21    XL:     11   Next: 81%
Magic:  10/10      EV: 11    Int:  4    God:    Trog [*****.]
Gold:   721        SH:  0    Dex: 14    Spells: 10/10 levels left

rFire    . . .     SeeInvis .   S - +5 great sword (slice)
rCold    + . .     Gourm    .   (shield currently unavailable)
rNeg     + . .     Faith    .   T - +0 scale mail {rN+}
rPois    .         Spirit   .   b - +1 hat
rElec    .         Reflect  .   j - +0 cloak
rCorr    .         Harm     .   (no gloves)
MR       .....                  H - +2 pair of boots
Stlth    ..........             A - amulet "Ynemorue" {RegenMP rC+}
Regen    0.3/turn               (no ring)
MPRegen  0.2/turn               (no ring)

@: no status effects
A: retaliatory headbutt, horns 2
a: Berserk, Trog's Hand, Brothers in Arms, Burn Spellbooks, Renounce Religion


You were on level 1 of the Lair of Beasts.
You worshipped Trog.
Trog was extremely pleased with you.
You were near starving.

You visited 2 branches of the dungeon, and saw 13 of its levels.

You collected 784 gold pieces.
You spent 63 gold pieces at shops.

Inventory:

Hand Weapons
 a - a +3 great sword of holy wrath
 w - a +2 shortbow of freezing
 S - a +5 great sword of slicing (weapon)
 X - a +0 shortbow
Missiles
 e - 263 arrows
Armour
 b - a +1 hat (worn)
 j - a +0 cloak (worn)
 D - a +0 plate armour
 H - a +2 pair of boots (worn)
 T - a +0 scale mail of positive energy (worn)
Jewellery
 A - the amulet "Ynemorue" (around neck) {RegenMP rC+}
   (You found it on level 4 of the Dungeon)

   [amulet of magic regeneration]

   It increases your magic regeneration.
   It protects you from cold.
 K - an uncursed ring of resist corrosion {unknown}
Wands
 q - a wand of random effects (29/48)
 s - a wand of flame (20/48)
 u - a wand of paralysis (15/24)
 J - a wand of disintegration (2/24)
 O - a wand of paralysis (13/24)
 Q - a wand of iceblast (9/15)
 W - a wand of paralysis (10/24)
Scrolls
 d - a scroll of random uselessness {unknown}
 f - 11 scrolls of identify
 g - 4 scrolls of magic mapping {unknown}
 h - 3 scrolls of blinking
 i - 4 scrolls of amnesia {unknown}
 l - a scroll of enchant weapon {unknown}
 m - 5 scrolls of teleportation
 n - 4 scrolls of fear {unknown}
 p - a scroll of fog {unknown}
 r - 8 scrolls of remove curse {unknown}
 v - 3 scrolls of enchant armour {unknown}
 y - a scroll of noise {unknown}
 F - 2 scrolls of immolation {unknown}
 M - 2 scrolls of brand weapon {unknown}
 Y - a scroll of holy word {unknown}
Potions
 k - 3 potions of mutation
 o - 3 potions of might
 t - 2 potions of curing
 z - 2 potions of berserk rage
 B - a potion of flight {unknown}
 C - a potion of resistance {unknown}
 E - a potion of heal wounds {unknown}
 I - 2 potions of lignification {unknown}
 P - a potion of brilliance {unknown}
 Z - a potion of degeneration {unknown}
Books
 N - a book of Clouds

   Spells                             Type                      Level
   a - Poisonous Vapours              Poison/Air                   2
   b - Mephitic Cloud                 Conjuration/Poison/Air       3
   c - Conjure Flame                  Conjuration/Fire             3
   d - Freezing Cloud                 Conjuration/Ice/Air          6
   e - Ring of Flames                 Charms/Fire                  7
   Trog disapproves of the use of such an item.
 R - a book of Beasts

   Spells                             Type                      Level
   a - Summon Butterflies             Summoning                    1
   b - Call Canine Familiar           Summoning                    3
   c - Summon Ice Beast               Ice/Summoning                4
   d - Summon Mana Viper              Hexes/Summoning              5
   e - Summon Hydra                   Summoning                    7
   Trog disapproves of the use of such an item.
 U - a book of Frost

   Spells                             Type                      Level
   a - Freeze                         Ice                          1
   b - Throw Frost                    Conjuration/Ice              2
   c - Ozocubu's Armour               Charms/Ice                   3
   d - Throw Icicle                   Conjuration/Ice              4
   e - Summon Ice Beast               Ice/Summoning                4
   Trog disapproves of the use of such an item.
Comestibles
 c - 9 bread rations
 x - 5 meat rations
 G - 8 royal jellies
 L - 22 fruits
 V - 2 chunks of flesh


   Skills:
 + Level 12.7 Fighting
 * Level 16.6 Long Blades
 + Level 6.7 Bows
 - Level 3.2 Armour
 - Level 3.1 Dodging


You had 10 spell levels left.
You didn't know any spells.

Dungeon Overview and Level Annotations

Branches:
Dungeon (11/15)            Temple (0/1) D:6            Lair (2/6) D:9
  Swamp: Lair:2-4    Shoals: Lair:2-4     Snake: Lair:2-4    Spider: Lair:2-4
    Orc: D:9-12

Altars:
Ashenzari
Fedhas
Gozag
Hepliaklqana
Makhleb
Nemelex Xobeh
Okawaru
Qazlal
Ru
Trog
Xom
Yredelemnul
Zin
The Shining One
Beogh

Shops:
D:10 *   D:11 }

Annotations:
D:4 1 exclusion
D:6 1 runed door, exclusion: door
D:9 exclusion: obsidian statue


Innate Abilities, Weirdness & Mutations

You reflexively headbutt those who attack you in melee.
You have a pair of horns on your head.


Message History

Press: ? - help, Shift-Dir - straight line, f - demonic crawler
Aim: a demonic crawler (almost dead, chance to defeat MR: 7%)
The demonic crawler resists with almost no effort.
Evoking this partially-identified wand wasted a few charges.
The demonic crawler barely misses you.
You riposte.
You closely miss the demonic crawler.
You headbutt the demonic crawler, but do no damage.
The demonic crawler is almost dead.
The demonic crawler hits you.
* * * LOW HITPOINT WARNING * * *
The demonic crawler hits you.
* * * LOW HITPOINT WARNING * * *
Evoke which item? (* to show all) (? for menu, Esc to quit)
Aiming: Disintegrate (will waste charges)
Press: ? - help, Shift-Dir - straight line, f/p - demonic crawler
Aim: a demonic crawler (almost dead, chance to defeat MR: 7%)
The demonic crawler resists with almost no effort.
Evoking this partially-identified wand wasted a few charges.
The demonic crawler hits you!
You die...

##......................##..♣....
##...#....#..##.#P.........P...P.
......##...#.##.##.....♣♣♣P...P..
#.#...#.....................P....
###...#.#.##.##.##..##.♣.........
#..#....##.##.##.)#...P........
#...#.#.......##.##.♣..P.......
##.#.#.##..###.#.#.....P..#####
###..##.#.......@.....).....#...#
.................s.#........#.[.'
..#..####.####...#....P.....#[..#
.....# #.##................#####
.....# #.##.#.....P..P..........
.....# #.##..#.##....♣....../.P.
.....####..#.##.##....♣♣....P..[.
.............#..##..#............
.........>..###.##..##..♣.P......


You could see a demonic crawler.

Vanquished Creatures
  A hydra (D:9)
  2 two-headed ogres
  An unseen horror (D:10)
  A rime drake (Lair:1)
  2 komodo dragons
  2 spiny frogs (Lair:1)
  2 trolls (D:11)
  The ghost of anything the Slasher, an amateur HOFi of Okawaru (D:4)
  2 dream sheep (D:9)
  A hippogriff (D:10)
  Sigmund (D:3)
  A spriggan (Lair:1)
  3 wyverns
  9 yaks (D:9)
  Eustachio (D:5)
  3 hungry ghosts
  Menkaure (D:5)
  3 water moccasins
  2 porcupines (Lair:1)
  3 ice beasts
  7 orc warriors
  A black bear (D:7)
  3 sky beasts
  A necrophage (D:8)
  3 ogres
  7 centaurs
  5 wolves (Lair:1)
  5 crocodiles
  4 big kobolds (D:9)
  Blork the orc (D:5)
  6 bullfrogs
  A gnoll sergeant (D:9)
  3 scorpions
  3 howler monkeys
  2 crimson imps
  7 hounds
  6 orc priests
  An iron imp (D:6)
  4 jellies
  4 orc wizards
  2 bullfrog skeletons
  Ijyb (D:3)
  Terence (D:3)
  4 iguanas
  17 worker ants
  3 hound zombies (D:6)
  2 worker ant zombies
  5 gnolls (D:9)
  7 adders
  2 adder zombies
  2 adder skeletons
  3 worms
  3 dart slugs (D:1)
  A leopard gecko (D:7)
  39 orcs
  6 bats
  8 giant cockroaches
  11 goblins
  7 hobgoblins
  15 jackals
  12 kobolds
  3 quokkas
  3 frilled lizards
  A giant cockroach zombie (D:4)
  3 goblin zombies (D:6)
  A kobold skeleton (D:6)
  A kobold zombie (D:6)
  A leopard gecko skeleton (D:4)
  2 orc skeletons (D:6)
  An orc zombie (D:6)
  13 rats
296 creatures vanquished.

Vanquished Creatures (others)
  A wizard (D:9)
  3 fungi (D:9)
  2 plants (D:9)
6 creatures vanquished.

Grand Total: 302 creatures vanquished

Notes
Turn   | Place    | Note
-------+----------+-------------------------------------------
     0 | D:1      | Ladykiller69 the Minotaur Berserker began the quest for the Orb.
     0 | D:1      | Reached XP level 1. HP: 19/19 MP: 0/0
   275 | D:1      | Reached XP level 2. HP: 26/27 MP: 1/1
   522 | D:1      | Reached skill level 4 in Long Blades
   615 | D:1      | Reached ** piety under Trog
   618 | D:1      | Reached XP level 3. HP: 21/33 MP: 2/2
  1787 | D:2      | Found an opulent altar of Gozag.
  1903 | D:3      | Reached XP level 4. HP: 26/40 MP: 3/3
  2144 | D:3      | Noticed Terence
  2148 | D:3      | Killed Terence
  2148 | D:3      | Reached skill level 5 in Long Blades
  2223 | D:3      | Noticed Sigmund
  2224 | D:3      | Reached XP level 5. HP: 47/47 MP: 4/4
  2256 | D:3      | Killed Sigmund
  2256 | D:3      | Reached skill level 5 in Fighting
  2256 | D:3      | Reached skill level 6 in Long Blades
  2256 | D:3      | Reached XP level 6. HP: 25/56 MP: 5/5
  2372 | D:3      | Noticed Ijyb
  2383 | D:3      | Killed Ijyb
  2576 | D:3      | Reached skill level 7 in Long Blades
  2682 | D:3      | Reached *** piety under Trog
  2961 | D:4      | Found a sacrificial altar of Ru.
  3054 | D:4      | Found a stormy altar of Qazlal.
  3159 | D:4      | Noticed anything's ghost (amateur HOFi)
  3159 | D:4      | Reached XP level 7. HP: 62/62 MP: 6/6
  3167 | D:4      | Killed anything's ghost
  3167 | D:4      | Reached skill level 8 in Long Blades
  3241 | D:4      | Found a burning altar of Makhleb.
  3540 | D:4      | Found an iron altar of Okawaru.
  3661 | D:4      | Reached skill level 9 in Long Blades
  3671 | D:4      | Got a steaming zirconium amulet
  3677 | D:4      | Identified the amulet "Ynemorue" {RegenMP rC+} (You found it on level 4 of the Dungeon)
  3787 | D:5      | Entered Level 5 of the Dungeon
  3795 | D:5      | Noticed Blork the orc
  3807 | D:5      | Killed Blork the orc
  3807 | D:5      | Reached XP level 8. HP: 73/73 MP: 7/7
  4061 | D:5      | Found a basalt altar of Yredelemnul.
  4166 | D:5      | Noticed Menkaure
  4185 | D:5      | Killed Menkaure
  4185 | D:5      | Reached skill level 10 in Long Blades
  4463 | D:5      | Noticed Eustachio
  4476 | D:5      | Killed Eustachio
  4659 | D:6      | Reached **** piety under Trog
  4765 | D:6      | Found a runed door.
  4849 | D:6      | Found a glowing silver altar of Zin.
  4851 | D:6      | Reached skill level 11 in Long Blades
  4901 | D:6      | Found a staircase to the Ecumenical Temple.
  4949 | D:6      | Found a glowing golden altar of the Shining One.
  5366 | D:7      | Found a shimmering altar of Xom.
  5366 | D:7      | Found a shimmering altar of Xom.
  5367 | D:7      | Found a shimmering altar of Xom.
  5367 | D:7      | Found a shimmering altar of Xom.
  5465 | D:7      | Found a shimmering altar of Xom.
  5494 | D:7      | Reached XP level 9. HP: 51/82 MP: 8/8
  5823 | D:7      | Found a blossoming altar of Fedhas.
  5914 | D:7      | Reached skill level 12 in Long Blades
  6185 | D:8      | Found a sacrificial altar of Ru.
  6298 | D:8      | Reached ***** piety under Trog
  6347 | D:8      | Noticed a two-headed ogre
  6354 | D:8      | Killed a two-headed ogre
  6354 | D:8      | Reached skill level 10 in Fighting
  6354 | D:8      | Reached skill level 13 in Long Blades
  6402 | D:8      | Found a hazy altar of Hepliaklqana.
  6529 | D:8      | Found a shattered altar of Ashenzari.
  6710 | D:8      | Reached XP level 10. HP: 84/94 MP: 9/9
  6769 | D:9      | Found a roughly hewn altar of Beogh.
  6927 | D:9      | Received a gift from Trog
  7079 | D:9      | Reached skill level 1 in Bows
  7147 | D:9      | Found a staircase to the Lair.
  7159 | D:9      | Reached skill level 14 in Long Blades
  7617 | D:9      | Noticed a two-headed hydra
  7631 | D:9      | Killed an 11-headed hydra
  7953 | D:9      | Noticed an obsidian statue
  7955 | D:9      | Noticed a rust devil
  7955 | D:9      | Noticed a sixfirhy
  8095 | D:9      | Found a sparkling altar of Nemelex Xobeh.
  8121 | D:9      | Reached skill level 15 in Long Blades
  8199 | D:9      | Reached XP level 11. HP: 94/104 MP: 10/10
  8245 | D:9      | Found a bloodstained altar of Trog.
  8246 | D:9      | Noticed a wizard
  8252 | D:9      | Killed a wizard
  8447 | D:10     | Entered Level 10 of the Dungeon
  8750 | D:10     | Killed an unseen horror
  8750 | D:10     | Reached skill level 5 in Bows
  9140 | D:10     | Noticed a two-headed ogre
  9146 | D:10     | Killed a two-headed ogre
  9366 | D:10     | Found Giwopp's Assorted Antiques.
  9370 | D:10     | Received a gift from Trog
  9374 | D:10     | Bought a scroll of teleportation for 63 gold pieces
  9582 | D:11     | Noticed a seven-headed hydra
  9706 | D:11     | Found Vufiom's Gadget Emporium.
  9802 | D:11     | Reached skill level 16 in Long Blades
  9843 | D:11     | Noticed a green ugly thing
  9942 | Lair:1   | Entered Level 1 of the Lair of Beasts
 10087 | Lair:1   | Received a gift from Trog
 10135 | Lair:1   | Identified a scroll of acquirement
 10926 | Lair:1   | HP: 3/105 [demonic crawler (9)]
 10928 | Lair:1   | Mangled by a demonic crawler

Skill      XL: |  1  2  3  4  5  6  7  8  9 10 11 |
---------------+----------------------------------+-----
Long Blades    | 4 5 6 7 9 11 13 15 16 | 16.6
Armour         | 3 |  3.2
Dodging        | 3 |  3.1
Fighting       | 4 5 7 8 10 11 12 | 12.7
Bows           | 4 6 |  6.7

Action                   |  1- 3 |  4- 6 |  7- 9 | 10-12 || total
-------------------------+-------+-------+-------+-------++-------
Melee: Falchion          |    61 |   106 |   271 |    27 ||   465
       Headbutt          |    11 |    22 |    75 |    62 ||   170
       Great sword       |       |       |       |   251 ||   251
 Fire: Shortbow          |       |       |       |    50 ||    50
Invok: Berserk           |       |     3 |    11 |     9 ||    23
       Trog's Hand       |       |     1 |       |     1 ||     2
Evoke: Wand              |       |       |       |     2 ||     2
  Use: Scroll            |       |       |     6 |     5 ||    11
 Stab: Sleeping          |     1 |     2 |       |       ||     3
  Eat: Chunk             |     3 |     7 |    20 |    21 ||    51
       Royal jelly       |       |       |     1 |     2 ||     3
       Bread ration      |       |       |     1 |       ||     1
Armor: Animal skin       |     8 |    12 |    19 |       ||    39
       Ring mail         |       |       |    32 |     8 ||    40
       Scale mail        |       |       |       |    82 ||    82
Dodge: Dodged            |    43 |    67 |   137 |   134 ||   381
       Rpst.: Falchion   |     7 |    12 |    38 |     2 ||    59
       Great sword       |       |       |       |    26 ||    26
